 Dungeon Crawl Stone Soup version 0.31-a0-7-g51783674b7 (webtiles) character file.

Game seed: 16903279580229827323

26 sampeng1 the Chopper (level 3, 0/29 HPs)
             Began as a Human Cinder Acolyte on May 5, 2023.
             Was a High Priest of Ignis.
             Slain by a hobgoblin (5 damage)
             ... led by Robin
             ... on level 2 of the Dungeon.
             The game lasted 00:04:33 (575 turns).

sampeng1 the Chopper (Human Cinder Acolyte)          Turns: 575, Time: 00:04:33

Health: 0/29       AC:  3    Str: 16    XL:     3   Next: 22%
Magic:  5/5        EV: 11    Int: 14    God:    Ignis [*****.]
Gold:   105        SH:  0    Dex:  8    Spells: 5/5 levels left

rFire   + . .        d - +0 hand axe (freeze)
rCold   . . .        (no shield)
rNeg    . . .        b - +1 robe
rPois   .            (no helmet)
rElec   .            (no cloak)
rCorr   .            (no gloves)
SInv    .            (no boots)
Will    .....        (no amulet)
Stlth   +            (no ring)
HPRegen 0.24/turn    (no ring)
MPRegen 0.09/turn

%: no passive effects
@: no status effects
A: no striking features
a: Renounce Religion, Fiery Armour, Foxfire Swarm, Rising Flame


You were on level 2 of the Dungeon.
You worshipped Ignis.
Ignis was extremely pleased with you.
You visited 1 branch of the dungeon, and saw 2 of its levels.

You collected 105 gold pieces.

Inventory:

Hand Weapons
 a - a -1 hand axe of flaming
 d - a +0 hand axe of freezing (weapon)
Armour
 b - a +1 robe (worn)
Scrolls
 e - a scroll of enchant armour
 g - a scroll of silence
Potions
 i - a potion of curing


   Skills:
 + Level 3.3 Fighting
 + Level 3.3 Axes
 + Level 1.5 Spellcasting
 + Level 3.3 Fire Magic


You had 5 spell levels left.
You didn't know any spells.
Your spell library contained the following spells:

 Spells                   Type           Power      Damage    Failure   Level
 Scorch                   Fire           20%        2d5       10%         2


Dungeon Overview and Level Annotations

Branches:
Dungeon (2/15)

Altars:

Annotations:
D:2 Robin


Message History

You closely miss the hobgoblin. The hobgoblin barely misses you.
A goblin comes into view. It is wielding a +0 club.
The hobgoblin barely misses you. The goblin closely misses you.
You closely miss the goblin. You barely miss the hobgoblin.
You hit the hobgoblin but do no damage.
The hobgoblin hits you but does no damage.
Robin throws the goblin at you! The hobgoblin completely misses you.
The goblin hits you with a +0 club. The goblin closely misses you.
You hit the goblin. You freeze the goblin.
The goblin is severely wounded.
You hit the hobgoblin. You freeze the hobgoblin.
You kill the hobgoblin!
You hit the hobgoblin but do no damage. You hit the goblin but do no damage.
The goblin hits you with a +0 dagger. Robin throws the goblin at you!
The hobgoblin hits you. The goblin hits you but does no damage.
Robin roars a battlecry!
The goblins go into a battle-frenzy!
The hobgoblin closely misses you. The goblin misses you.
The goblin hits you but does no damage. The goblin hits you with a +0 dagger.
You hit the hobgoblin but do no damage. You hit the goblin.
You freeze the goblin.
You kill the goblin!
You hit the goblin but do no damage. You miss the goblin.
The goblin barely misses you. Robin throws the goblin at you!
The hobgoblin hits you. The goblin hits you with a +0 club.
* * * LOW HITPOINT WARNING * * *
You feel better. The goblin closely misses you.
Robin's horned helmet rattles.
The goblin hits you with a +0 dagger. The hobgoblin closely misses you.
The goblin hits you but does no damage.
You barely miss the hobgoblin. You closely miss the goblin. You hit the goblin.
You freeze the goblin.
You kill the goblin!
You hit the goblin. You freeze the goblin. The hobgoblin barely misses you.
The goblin barely misses you. The goblin hits you with a +0 dagger.
* * * LOW HITPOINT WARNING * * *
You closely miss the hobgoblin. You hit the goblin but do no damage.
You closely miss the goblin. The goblin closely misses you.
The hobgoblin hits you.
You die...

......... .
.........
.###........
...........
...........
#.#ggg...#
#.#ggS...#
#.#@ggg..#
#.)####..#
##)......#
##.
#.......#..<.
#.......#....
#.)..........
#............
#...........
#.......##.


You could see Robin, 2 hobgoblins, 5 goblins and a ball python.

Vanquished Creatures
  A bat (D:1)
  3 endoplasms (D:1)
  3 giant cockroaches (D:1)
  5 goblins (D:2)
  4 hobgoblins
  A kobold (D:1)
  A quokka (D:1)
  A ball python (D:1)
  A rat (D:1)
20 creatures vanquished.

Notes
Turn   | Place    | Note
-------+----------+-------------------------------------------
     0 | D:1      | sampeng1 the Human Cinder Acolyte began the quest for the
                  | Orb.
     0 | D:1      | Reached XP level 1. HP: 18/18 MP: 2/2
   189 | D:1      | Reached XP level 2. HP: 22/24 MP: 3/3
   565 | D:2      | Noticed Robin
   568 | D:2      | Reached XP level 3. HP: 27/29 MP: 5/5
   575 | D:2      | Slain by a hobgoblin

Illustrated notes

Levels and vault maps discovered:
D:1:      pf_arrival_petrified_forest, layout_basic
D:2:      layout_rooms, minmay_split_cup_large, uniq_natasha, uniq_robin

Action                     || total
---------------------------++-------
  Melee: Hand axe          ||    66
    Use: Potion            ||     5
         Scroll            ||     4
 Armour: Robe              ||    27
  Dodge: Dodged            ||    45

Table legend: (Time is in decaauts)
 A = Elapsed time spent in this place.
 B = Non-inter-level travel time spent in this place.
 C = Inter-level travel time spent in this place.
 D = Time resting spent in this place.
 E = Time spent auto-exploring this place.
 F = Levels seen in this place.
 G = Mean time per level.
                   A        B        C        D        E       F      G
               +--------+--------+--------+--------+--------+-----+--------+
         Total |    584 |    571 |     13 |     22 |    258 |   2 |  292.0 |
       Dungeon |    584 |    571 |     13 |     22 |    258 |   2 |  292.0 |
               +--------+--------+--------+--------+--------+-----+--------+

Top non-repeatable levels by time:
     D:1: 562 daAuts
     D:2: 22 daAuts
